[Event "Titled Tuesday Blitz April 19 Early 2022"]
[White "Shirov, Alexei"]
[Black "Belozerov, Andrei"]
[WhiteFideId "2209390"]
[BlackFideId "4120213"]
[WhiteElo "2678"]
[BlackElo "2320"]
[Result "0-1"]
[Round "07"]
[TimeControl "180+1"]
[Date "2022.04.19"]
[WhiteClock "0:00:11"]
[BlackClock "0:00:19"]

1. e4 c6 2. d4 d5 3. e5 Bf5 4. h4 h5 5. Bd3 Bxd3 6. Qxd3 Qa5+ 7. Nd2 e6 8. Nf3 Nh6 9. O-O Nf5 10. Nb3 Qa6 11. Qd1 Be7 12. Bg5 Nd7 13. Bxe7 Nxe7 14. Ng5 Nf5 15. Qf3 Qb6 16. c3 c5 17. dxc5 Nxc5 18. Nd4 g6 19. b4 Ne4 20. Nxe4 dxe4 21. Qxe4 Nxd4 22. Qxd4 Qxd4 23. cxd4 O-O-O 24. Rac1+ Kb8 25. Rfd1 Rd5 26. Rc5 Rhd8 27. Rxd5 Rxd5 28. Kh2 Kc7 29. Kg3 Rb5 30. a3 a5 31. Rc1+ Kd7 32. Rc5 Rxc5 33. bxc5 Kc6 34. Kf4 Kd5 35. Kg5 Kxd4 36. Kf6 Kxc5 37. Kxf7 Kd5 38. Kxg6 b5 39. g4 hxg4 40. h5 b4 41. axb4 axb4 42. h6 b3 43. h7 b2 44. h8=Q b1=Q+ 45. Kg7 Qf5 46. Qd8+ Kxe5 47. Qc7+ Ke4 48. Qb7+ Kd3 49. Qa6+ Kd2 50. Qf1 Qf3 51. Qg1 Ke2 52. Qh2 Qf5 53. Qg3 Kf1 54. Qe3 Kg2 55. Qg3+ Kf1 56. Qe3 e5 57. Kh6 Qf4+ 0-1


[Site "https://www.chess.com"]

[Event "Titled Tuesday Blitz April 19 Early 2022"]
[White "Shyaamnikhil P"]
[Black "Martic, Ivan"]
[WhiteFideId "5024218"]
[BlackFideId "929301"]
[WhiteElo "2329"]
[BlackElo "2317"]
[Result "1-0"]
[Round "07"]
[TimeControl "180+1"]
[Date "2022.04.19"]
[WhiteClock "0:00:13"]
[BlackClock "0:00:02"]

1. Nc3 c5 2. e4 Nc6 3. Bb5 Nd4 4. Bc4 a6 5. Nge2 b5 6. Bd5 Rb8 7. Nxd4 cxd4 8. Ne2 Nf6 9. Bb3 Nxe4 10. d3 Nc5 11. Nxd4 e6 12. O-O Be7 13. Bf4 Rb6 14. Qf3 O-O 15. Qg3 d6 16. Nf3 Kh8 17. Rfe1 Nxb3 18. axb3 e5 19. Be3 Rc6 20. c4 f5 21. Bg5 bxc4 22. Qh4 Bf6 23. bxc4 Rb6 24. Bxf6 gxf6 25. Reb1 Rb3 26. Ra3 Qb6 27. Qh6 Rf7 28. Qe3 Qb8 29. Nd2 Rxb2 30. Rxb2 Qxb2 31. Rb3 Qc1+ 32. Nf1 Qxe3 33. Nxe3 Be6 34. Rb6 f4 35. Nc2 Bf5 36. Ne1 Ra7 37. Rxd6 Kg7 38. f3 a5 39. Nc2 a4 40. Na3 Rb7 41. Nb5 Rd7 42. Rxd7+ Bxd7 43. Kf2 Bxb5 44. cxb5 a3 45. b6 a2 46. b7 a1=Q 47. b8=Q Qa2+ 48. Kf1 Qa1+ 49. Ke2 Qa2+ 50. Kf1 Qa1+ 51. Kf2 Qd4+ 52. Kf1 Qxd3+ 53. Kf2 Qe3+ 54. Kf1 Qd3+ 55. Kf2 Qd2+ 56. Kf1 Qd7 57. Qb3 h5 58. h3 Kg6 59. Kg1 Kg7 60. Kh2 h4 61. Qc4 Qe7 62. Qd5 Qf7 63. Qe4 Qg6 64. Qb7+ Kh6 65. Qc6 f5 66. Qc7 Qg3+ 67. Kh1 Qe1+ 68. Kh2 Qg3+ 69. Kh1 Qg7 70. Qd6+ Kg5 71. Qd8+ Kg6 72. Qe8+ Kh6 73. Qe6+ Kg5 74. Qe8 Qg6 75. Qxe5 1-0


[Site "https://www.chess.com"]

[Event "Titled Tuesday Blitz April 19 Early 2022"]
[White "Silva Lucena, Cristian"]
[Black "Sharafiev, Azat"]
[WhiteFideId "2232588"]
[BlackFideId "4186214"]
[WhiteElo "2223"]
[BlackElo "2299"]
[Result "0-1"]
[Round "07"]
[TimeControl "180+1"]
[Date "2022.04.19"]
[WhiteClock "0:01:14"]
[BlackClock "0:01:35"]

1. e4 c6 2. d4 d5 3. e5 Bf5 4. h4 h5 5. Bd3 Bxd3 6. Qxd3 Qa5+ 7. Nd2 e6 8. Nf3 Nh6 9. O-O Nf5 10. Rd1 Nd7 11. Nf1 c5 12. Ng3 Nxg3 13. fxg3 cxd4 14. Bf4 Bc5 15. Nxd4 Bxd4+ 16. Qxd4 Qb6 17. c4 dxc4 18. Rac1 Rc8 19. Kh2 Qxd4 20. Rxd4 b5 21. Rcd1 Nc5 22. Bg5 O-O 23. Be7 Rfe8 24. Bxc5 Rxc5 25. Rd7 a5 26. Ra7 a4 27. Rdd7 Rf8 28. Rdb7 Rxe5 29. Ra5 Rc8 30. Rbxb5 Rxb5 31. Rxb5 c3 32. bxc3 Rxc3 33. Rxh5 Ra3 34. Ra5 Rxa2 35. h5 a3 36. g4 Ra1 37. g5 Kh7 38. Ra6 a2 39. g6+ fxg6 40. hxg6+ Kh6 41. g3 e5 42. Kh3 Rh1+ 0-1


[Site "https://www.chess.com"]

[Event "Titled Tuesday Blitz April 19 Early 2022"]
[White "Skliarov, Viktor"]
[Black "Rottenwohrer Suarez, Juan"]
[WhiteFideId "14106736"]
[BlackFideId "32068182"]
[WhiteElo "2229"]
[BlackElo "2158"]
[Result "0-1"]
[Round "07"]
[TimeControl "180+1"]
[Date "2022.04.19"]
[WhiteClock "0:00:20"]
[BlackClock "0:00:26"]

1. e4 c5 2. Nf3 d6 3. d4 cxd4 4. Qxd4 Nf6 5. Nc3 Nc6 6. Bb5 Bd7 7. Bxc6 Bxc6 8. Bg5 e6 9. O-O-O Be7 10. Rhe1 O-O 11. Kb1 Qc7 12. Qd3 Rfd8 13. Nd4 Rab8 14. f3 b5 15. g4 b4 16. Nce2 Ba8 17. h4 a5 18. h5 a4 19. h6 g6 20. Nc1 d5 21. e5 Ne8 22. Bxe7 Qxe7 23. f4 Qh4 24. f5 Qxg4 25. Rg1 Qe4 26. fxe6 fxe6 27. Nxe6 Rdc8 28. Rdf1 Nc7 29. Ng5 Qxd3 30. Nxd3 b3 31. Rf7 bxc2+ 32. Kc1 Ne6 33. Rxh7 Nxg5 34. Rg7+ Kh8 35. Rxg5 d4 36. R5xg6 Be4 37. Rg3 Bxd3 38. Rxd3 Rxb2 0-1


[Site "https://www.chess.com"]

[Event "Titled Tuesday Blitz April 19 Early 2022"]
[White "Smietanska, Wiktoria"]
[Black "Dorokhin, Mykhailo"]
[WhiteFideId "21869359"]
[BlackFideId "14114178"]
[WhiteElo "1893"]
[BlackElo "2280"]
[Result "0-1"]
[Round "07"]
[TimeControl "180+1"]
[Date "2022.04.19"]
[WhiteClock "0:00:37"]
[BlackClock "0:01:40"]

1. c4 c6 2. Nf3 d5 3. e3 Nf6 4. Nc3 Bg4 5. Be2 e6 6. O-O Be7 7. d4 O-O 8. b3 Nbd7 9. Bb2 a6 10. h3 Bh5 11. Rc1 Re8 12. Qd2 Bg6 13. Bd3 Ne4 14. Qc2 Nxc3 15. Qxc3 Bxd3 16. Qxd3 Nf6 17. Ne5 Bf8 18. f3 Qa5 19. e4 Qxa2 20. Qc3 Bb4 21. Qxb4 Qxb2 22. Rcd1 a5 23. Qxb7 Rf8 24. Qxc6 Qxb3 25. cxd5 exd5 26. exd5 Qxd5 27. Qc7 Rfc8 28. Qb6 a4 29. Rc1 Rxc1 30. Rxc1 a3 31. Ra1 a2 32. Qc5 Qb3 33. Qc6 Qb1+ 34. Kh2 Rf8 35. Qc3 Nd5 36. Qc1 Qxc1 37. Rxc1 Ra8 38. Ra1 Nb4 39. Nc4 Nc2 40. Rc1 a1=Q 0-1


[Site "https://www.chess.com"]

[Event "Titled Tuesday Blitz April 19 Early 2022"]
[White "Sovetbekova, Nurai"]
[Black "Mohammadian, Mohammad"]
[WhiteFideId "13801910"]
[BlackFideId "12566055"]
[WhiteElo "1538"]
[BlackElo "1544"]
[Result "1-0"]
[Round "07"]
[TimeControl "180+1"]
[Date "2022.04.19"]
[WhiteClock "0:01:56"]
[BlackClock "0:00:45"]

1. d4 Nf6 2. c4 g6 3. g3 Bg7 4. Bg2 O-O 5. Nf3 b6 6. O-O Bb7 7. Nc3 d5 8. cxd5 Nxd5 9. Nxd5 Qxd5 10. Nh4 Qxd4 11. Qxd4 Bxd4 12. Bxb7 Nd7 13. Bxa8 Rxa8 14. Rd1 e5 15. e3 g5 16. Nf5 Nf6 17. exd4 exd4 18. Bxg5 Ne4 19. Bh6 f6 20. Rxd4 Nc5 21. Rad1 Kf7 22. Rd8 Rxd8 23. Rxd8 Kg6 24. g4 Ne4 25. Rd7 Nc5 26. Rg7# 1-0


[Site "https://www.chess.com"]

[Event "Titled Tuesday Blitz April 19 Early 2022"]
[White "SsanderSseverino"]
[Black "Pourkashiyan, Atousa"]
[BlackFideId "12502014"]
[WhiteElo "2525"]
[BlackElo "2247"]
[Result "1-0"]
[Round "07"]
[TimeControl "180+1"]
[Date "2022.04.19"]
[WhiteClock "0:01:03"]
[BlackClock "0:00:16"]

1. d4 Nf6 2. Bg5 e6 3. e4 h6 4. Bxf6 Qxf6 5. Nf3 d6 6. Nc3 g5 7. Bd3 Bg7 8. Qe2 g4 9. e5 Qe7 10. Nd2 h5 11. O-O-O Nc6 12. Bb5 Bd7 13. exd6 cxd6 14. Nb3 O-O-O 15. Rhe1 Kb8 16. Kb1 Qg5 17. Ne4 Qe7 18. c3 f5 19. Ned2 e5 20. d5 e4 21. dxc6 bxc6 22. Ba6 Qe5 23. Nc4 Qxh2 24. Nxd6 Be6 25. Nc4 Qxg2 26. Nc5 Bd5 27. Ne3 Qf3 28. Qc2 Bf7 29. Qa4 f4 30. Qb4+ 1-0


[Site "https://www.chess.com"]

[Event "Titled Tuesday Blitz April 19 Early 2022"]
[White "Subaste, Arman"]
[Black "Toncheva, Nadya"]
[WhiteFideId "5221080"]
[BlackFideId "2924056"]
[WhiteElo "1856"]
[BlackElo "1884"]
[Result "0-1"]
[Round "07"]
[TimeControl "180+1"]
[Date "2022.04.19"]
[WhiteClock "0:00:03"]
[BlackClock "0:00:07"]

1. d4 Nf6 2. Nf3 e6 3. g3 c5 4. Bg2 Be7 5. O-O O-O 6. c4 cxd4 7. Nxd4 a6 8. Nc3 Qc7 9. b3 Nc6 10. Bb2 d6 11. Rc1 Nxd4 12. Qxd4 Bd7 13. Rfd1 Rac8 14. e3 Qb8 15. Ne4 Bc6 16. Nxd6 Rcd8 17. c5 Bxg2 18. Kxg2 b6 19. b4 Ne8 20. Qg4 Bxd6 21. cxd6 Rxd6 22. Be5 Qb7+ 23. Qf3 Qxf3+ 24. Kxf3 Rxd1 25. Rxd1 f6 26. Bd4 Nc7 27. Bxb6 Nd5 28. Bc5 Rb8 29. a3 Rb5 30. e4 Nc3 31. Rd6 a5 32. Rxe6 axb4 33. axb4 Na2 34. Re8+ Kf7 35. Re7+ Kg6 36. h4 Nxb4 37. h5+ Kh6 38. Be3+ g5 39. g4 Nc6 40. Re6 Ne5+ 41. Kg3 Kg7 42. Re7+ Kg8 43. Re6 Kf7 44. Ra6 Rb1 45. Ra7+ Kg8 46. f3 Rb3 47. Kf2 Nd3+ 48. Ke2 Ne5 49. h6 Rb2+ 50. Bd2 Nc4 51. Rg7+ Kh8 52. Rd7 Kg8 53. Kd1 Rb1+ 54. Kc2 Rf1 55. Rg7+ Kf8 56. Rxh7 Rf2 57. Rd7 Nxd2 58. Rxd2 Rxf3 59. Rh2 Kg8 60. h7+ Kh8 61. Kd2 Rf4 62. Ke3 Rxg4 63. Kd4 Rf4 64. Kd5 g4 65. Rg2 Kxh7 66. e5 Rf5 67. Ke6 Rxe5+ 68. Kxf6 Re4 69. Kf7 Kh6 70. Kf6 Rf4+ 71. Ke5 Kg5 72. Ra2 Rf8 73. Ra7 Re8+ 74. Kd4 g3 75. Rg7+ Kf4 76. Rf7+ Kg4 77. Rg7+ Kf3 78. Rf7+ Kg2 79. Ra7 Kh2 80. Ra2+ g2 81. Rb2 Kh1 82. Rb1+ g1=Q+ 0-1


[Site "https://www.chess.com"]

[Event "Titled Tuesday Blitz April 19 Early 2022"]
[White "Svane, Frederik"]
[Black "Demchenko, Anton"]
[WhiteFideId "12923044"]
[BlackFideId "4160258"]
[WhiteElo "2459"]
[BlackElo "2539"]
[Result "0-1"]
[Round "07"]
[TimeControl "180+1"]
[Date "2022.04.19"]
[WhiteClock "0:00:05"]
[BlackClock "0:00:06"]

1. e4 e5 2. Nf3 Nc6 3. Bb5 a6 4. Ba4 Nge7 5. Nc3 d6 6. d4 b5 7. Bb3 Nxd4 8. Nxd4 exd4 9. Nd5 c5 10. a4 c4 11. Ba2 Nxd5 12. exd5 Qe7+ 13. Kf1 Qf6 14. Bd2 Bb7 15. h4 Bxd5 16. Bg5 Qe5 17. Qd2 Kd7 18. Re1 Qf5 19. Qxd4 h6 20. Rh3 Bc6 21. Bf4 Qd5 22. Qxd5 Bxd5 23. Rg3 Be6 24. Rd1 Kc6 25. b3 d5 26. bxc4 bxc4 27. c3 g6 28. Be5 Rg8 29. Bb1 h5 30. Re3 Bc5 31. Bd4 Rab8 32. Bc2 Rb2 33. Re2 Bxd4 34. Rxd4 Rgb8 35. f3 Kc5 36. g4 Ra2 37. gxh5 gxh5 38. Kf2 Rbb2 39. Rdd2 Ra3 40. f4 Rxc3 41. f5 Bd7 42. Rxd5+ Kxd5 43. Be4+ Kd4 44. Rxb2 Kxe4 45. Re2+ Kxf5 46. Rd2 Be6 47. Rd6 a5 48. Ra6 Ra3 49. Rxa5+ Kg4 50. Ke2 Kxh4 51. Kd2 Kg4 52. Ra8 c3+ 53. Kc2 Bf5+ 54. Kd1 c2+ 55. Kd2 Ra1 56. Rc8 Rd1+ 57. Ke2 c1=Q 0-1


[Site "https://www.chess.com"]

[Event "Titled Tuesday Blitz April 19 Early 2022"]
[White "Tan, Jun Ying"]
[Black "Chernomordik, Pavel"]
[WhiteFideId "5710413"]
[BlackFideId "2804530"]
[WhiteElo "1827"]
[BlackElo "2220"]
[Result "0-1"]
[Round "07"]
[TimeControl "180+1"]
[Date "2022.04.19"]
[WhiteClock "0:00:48"]
[BlackClock "0:01:23"]

1. d4 g6 2. e4 Bg7 3. c4 Nc6 4. Be3 e5 5. d5 Nd4 6. Ne2 c5 7. dxc6 dxc6 8. Nxd4 exd4 9. Bc1 f5 10. Bd3 fxe4 11. Bxe4 Nf6 12. Bd3 O-O 13. O-O Ng4 14. h3 Ne5 15. Na3 Nxd3 16. Qxd3 Bf5 17. Qb3 Qb6 18. Bd2 Rfe8 19. Rae1 Qxb3 20. axb3 Bd3 21. Rxe8+ Rxe8 22. Re1 Rxe1+ 23. Bxe1 Bh6 24. b4 Bc1 25. b5 c5 26. b6 a6 27. b4 Bxa3 0-1


[Site "https://www.chess.com"]

[Event "Titled Tuesday Blitz April 19 Early 2022"]
[White "Tanenbaum, Zachary"]
[Black "Vlassov, Nikolai"]
[WhiteFideId "2060850"]
[BlackFideId "4103360"]
[WhiteElo "2168"]
[BlackElo "2407"]
[Result "1-0"]
[Round "07"]
[TimeControl "180+1"]
[Date "2022.04.19"]
[WhiteClock "0:01:12"]
[BlackClock "0:00:13"]

1. e4 Nc6 2. Nf3 d5 3. exd5 Qxd5 4. Nc3 Qa5 5. d4 Bg4 6. Bb5 O-O-O 7. Bxc6 bxc6 8. Qd3 c5 9. O-O Bxf3 10. Qxf3 cxd4 11. Rd1 e5 12. Qxf7 Nf6 13. Bg5 Bd6 14. Bxf6 gxf6 15. Ne4 Rhf8 16. Qe6+ Kb7 17. Nxf6 Qb6 18. Nd7 Rxd7 19. Qxd7 e4 20. Qxh7 e3 21. fxe3 dxe3 22. Qe4+ Kb8 23. Kh1 Rf4 24. Rxd6 Rxe4 25. Rxb6+ axb6 26. Kg1 Kb7 27. Kf1 Kc6 28. Ke2 Kd5 29. Rd1+ Kc4 30. Rd3 1-0


[Site "https://www.chess.com"]

[Event "Titled Tuesday Blitz April 19 Early 2022"]
[White "Tasev, Dejan"]
[Black "Zemlyanskii, Ivan"]
[WhiteFideId "936618"]
[BlackFideId "24249971"]
[WhiteElo "2253"]
[BlackElo "1759"]
[Result "1-0"]
[Round "07"]
[TimeControl "180+1"]
[Date "2022.04.19"]
[WhiteClock "0:00:16"]
[BlackClock "0:00:03"]

1. e4 c5 2. Nf3 d6 3. d4 cxd4 4. Nxd4 Nf6 5. Nc3 a6 6. Bc4 e6 7. Bb3 b5 8. a3 Bb7 9. f3 Nbd7 10. Be3 Qc7 11. Qd2 Nc5 12. Ba2 Rc8 13. g4 Be7 14. O-O-O Nfd7 15. h4 Ne5 16. h5 Nc4 17. Bxc4 bxc4 18. g5 Ba8 19. g6 fxg6 20. hxg6 h5 21. Qg2 Rb8 22. Rd2 Qb7 23. Nd1 c3 24. Rf2 cxb2+ 25. Kb1 Qd7 26. Nxb2 Na4 27. Nb3 Bf6 28. Nd1 d5 29. Rd2 Qc7 30. Qe2 Qc4 31. Qd3 Qc7 32. Qxa6 Bc6 33. exd5 exd5 34. Bf4 Qb7 35. Re1+ Kd7 36. Qxb7+ Rxb7 37. Ka2 Ra8 38. Be5 Re8 39. Rde2 Bxe5 40. Rxe5 Rxe5 41. Rxe5 h4 42. Rh5 Bb5 43. Rxh4 Bc4 44. Rh7 Ke6 45. Rh8 Kf6 46. Rd8 Kxg6 47. Rd6+ Kf7 48. Ne3 Nc3+ 49. Kb2 Na4+ 50. Kc1 Bxb3 51. cxb3 Rxb3 52. Nxd5 Rxf3 53. Ra6 Nc5 54. Ra7+ Ke6 55. Nc7+ Ke5 56. Ra5 Kd4 57. Nb5+ Kc4 58. Nd6+ Kd4 59. Nb5+ Kd3 60. Kb2 Rf2+ 61. Kb1 Nb3 62. Ra8 g5 63. Rd8+ Kc4 64. Nd6+ Kc5 65. Ne4+ Kc4 66. Nxf2 Nc5 67. Ng4 Kb5 68. Kb2 1-0


[Site "https://www.chess.com"]

[Event "Titled Tuesday Blitz April 19 Early 2022"]
[White "Thomas, Anysia"]
[Black "Clarke, Brandon G I"]
[WhiteFideId "670472"]
[BlackFideId "400319"]
[WhiteElo "2002"]
[BlackElo "2414"]
[Result "0-1"]
[Round "07"]
[TimeControl "180+1"]
[Date "2022.04.19"]
[WhiteClock "0:00:10"]
[BlackClock "0:01:03"]

1. d4 Nf6 2. c4 g6 3. Nc3 d5 4. cxd5 Nxd5 5. e4 Nxc3 6. bxc3 Bg7 7. Nf3 c5 8. Be3 Qa5 9. Qd2 Nc6 10. Rb1 cxd4 11. cxd4 Qxd2+ 12. Kxd2 O-O 13. d5 Na5 14. Bd3 b6 15. Ke2 e6 16. Rhd1 Rd8 17. Bg5 f6 18. Bd2 Nb7 19. Kf1 Nc5 20. Bc4 Kf7 21. Bb4 Bf8 22. e5 Bb7 23. Bxc5 Bxc5 24. dxe6+ Ke7 25. exf6+ Kxf6 26. Rd7 Rxd7 27. exd7 Rd8 28. Rd1 Bc6 0-1


[Site "https://www.chess.com"]

[Event "Titled Tuesday Blitz April 19 Early 2022"]
[White "Todorovic, Bojan"]
[Black "Kim, Sergey"]
[WhiteFideId "917087"]
[BlackFideId "13700570"]
[WhiteElo "2266"]
[BlackElo "2558"]
[Result "0-1"]
[Round "07"]
[TimeControl "180+1"]
[Date "2022.04.19"]
[WhiteClock "0:00:07"]
[BlackClock "0:01:28"]

1. d4 Nf6 2. Bg5 g6 3. Bxf6 exf6 4. e3 h5 5. Bd3 d6 6. Ne2 h4 7. h3 Bh6 8. Nd2 f5 9. Nf3 Nd7 10. c3 c6 11. b4 a6 12. a4 Bg7 13. O-O Qe7 14. b5 c5 15. Bc4 Nf6 16. Nf4 Ne4 17. Nd5 Qd8 18. bxa6 bxa6 19. Nd2 Nxd2 20. Qxd2 O-O 21. Rab1 Bd7 22. Nb6 Ra7 23. a5 Bc6 24. Qa2 Qg5 25. Bd5 Bb5 26. Bc4 Be8 27. Qe2 f4 28. Bxa6 f3 29. Qxf3 Rxa6 30. Ra1 Qd8 31. Qb7 Rxb6 32. axb6 Bb5 33. Rfb1 Bd3 34. Rb2 Re8 35. Qc6 Be4 36. d5 Qb8 37. b7 Bxc3 38. Ra8 Bxb2 39. Rxb8 Rxb8 40. Qc7 Rxb7 41. Qxb7 Be5 42. f4 Bf6 43. Qc6 Kg7 44. Qxd6 c4 45. Qc6 c3 46. Kf2 c2 47. Ke2 Bb2 48. Kd2 c1=Q+ 0-1


[Site "https://www.chess.com"]

[Event "Titled Tuesday Blitz April 19 Early 2022"]
[White "Tologon tegin, Semetei"]
[Black "Avalos Parra, Joao"]
[WhiteFideId "13800574"]
[BlackFideId "3402541"]
[WhiteElo "2258"]
[BlackElo "2173"]
[Result "1-0"]
[Round "07"]
[TimeControl "180+1"]
[Date "2022.04.19"]
[WhiteClock "0:01:30"]
[BlackClock "0:00:09"]

1. e4 c6 2. Nc3 d5 3. Nf3 Nf6 4. exd5 cxd5 5. d4 Nc6 6. Ne5 a6 7. Bg5 e6 8. Be2 Be7 9. O-O Nxe5 10. dxe5 Nd7 11. Bxe7 Qxe7 12. f4 b5 13. Bd3 Bb7 14. Ne2 Rc8 15. Kh1 Nc5 16. Nd4 Na4 17. Rb1 Nb6 18. f5 Nc4 19. Qe1 Qc5 20. c3 O-O 21. Qg3 Kh8 22. f6 Rg8 23. Qh4 g6 24. Rf4 h5 25. Qg5 Qf8 26. Rh4 1-0


[Site "https://www.chess.com"]

[Event "Titled Tuesday Blitz April 19 Early 2022"]
[White "Tristan, Leonardo"]
[Black "Dang, Hoang Son"]
[WhiteFideId "113816"]
[BlackFideId "12402435"]
[WhiteElo "2404"]
[BlackElo "2252"]
[Result "0-1"]
[Round "07"]
[TimeControl "180+1"]
[Date "2022.04.19"]
[WhiteClock "0:00:01"]
[BlackClock "0:00:35"]

1. d4 Nf6 2. Nf3 g6 3. Bf4 Bg7 4. e3 O-O 5. Be2 d6 6. O-O c5 7. c3 Nh5 8. Bg5 h6 9. Bh4 g5 10. Nfd2 Nf4 11. exf4 gxh4 12. d5 e6 13. Bf3 exd5 14. Bxd5 Nc6 15. Nc4 Be6 16. Nba3 a6 17. Re1 b5 18. Bxc6 bxc4 19. Bxa8 Qxa8 20. Rxe6 fxe6 21. Qxd6 Qd5 22. Rd1 Qe4 23. Qxc5 h3 24. gxh3 Rxf4 25. Qe3 Qf5 26. Rd8+ Kh7 27. Rd7 Re4 28. Qd2 Qxh3 29. Rxg7+ Kxg7 30. Qd7+ Kg6 31. Qe8+ Kg5 32. Qe7+ Kg4 33. Qg7+ Kf3 34. Qf6+ Ke2 35. f3 Qf1# 0-1


[Site "https://www.chess.com"]

[Event "Titled Tuesday Blitz April 19 Early 2022"]
[White "Tsyhanchuk, Stanislav"]
[Black "Biletskiy, Danylo"]
[WhiteFideId "13505130"]
[BlackFideId "14155419"]
[WhiteElo "2078"]
[BlackElo "2087"]
[Result "1-0"]
[Round "07"]
[TimeControl "180+1"]
[Date "2022.04.19"]
[WhiteClock "0:00:10"]
[BlackClock "0:00:09"]

1. d4 Nf6 2. c4 e6 3. Nc3 Bb4 4. Nf3 d5 5. cxd5 exd5 6. Bg5 O-O 7. e3 Bf5 8. Qb3 Bxc3+ 9. bxc3 b6 10. Bxf6 gxf6 11. c4 Be4 12. Nd2 c5 13. Bd3 dxc4 14. Nxc4 Bxd3 15. Qxd3 cxd4 16. Qe4 Na6 17. O-O Nc5 18. Qg4+ Kh8 19. exd4 Ne6 20. Rad1 Qd5 21. Ne3 Qg5 22. Qf3 Rad8 23. d5 Nf4 24. h4 Qxh4 25. g3 Rg8 26. Nf5 Qg5 27. Ne7 Rg7 28. d6 f5 29. Nc6 Rd7 30. Ne5 Rd8 31. d7 Ne6 32. Nc6 Rdg8 33. Rfe1 Nd8 34. Re8 Nxc6 35. Qxc6 f4 36. d8=Q Qg4 37. Rxg8+ Rxg8 38. Qc3+ Qg7 39. Qxg7+ Kxg7 40. Qg5+ Kh8 41. Qf6+ Rg7 42. Rd8# 1-0


[Site "https://www.chess.com"]

[Event "Titled Tuesday Blitz April 19 Early 2022"]
[White "Urazayev, Arystanbek"]
[Black "Dubov, Daniil"]
[WhiteFideId "13709810"]
[BlackFideId "24126055"]
[WhiteElo "2422"]
[BlackElo "2791"]
[Result "1/2-1/2"]
[Round "07"]
[TimeControl "180+1"]
[Date "2022.04.19"]
[WhiteClock "0:00:21"]
[BlackClock "0:00:05"]

1. d4 Nf6 2. c4 c5 3. d5 b5 4. cxb5 a6 5. bxa6 e6 6. Nc3 exd5 7. Nxd5 Be7 8. e4 O-O 9. Nf3 Nxe4 10. Bd3 Nf6 11. Nxf6+ Bxf6 12. O-O d5 13. Qc2 Nxa6 14. Bxh7+ Kh8 15. Bf5 Nb4 16. Qb1 Re8 17. a3 Bxf5 18. Qxf5 g6 19. Qh3+ Kg8 20. Be3 Nd3 21. Ng5 Bxg5 22. Bxg5 Qxg5 23. Qxd3 c4 24. Qd4 Re2 25. Rad1 Rb8 26. Qxd5 Qxd5 27. Rxd5 Rbxb2 28. Rc5 Rec2 29. h4 Ra2 30. Kh2 Rxa3 31. h5 Kg7 32. hxg6 Kxg6 33. f3 Rd3 34. Re1 Rdd2 35. Re4 Rxg2+ 36. Kh3 Rh2+ 37. Kg3 Rcg2+ 38. Kf4 Rh4+ 39. Ke3 Rxe4+ 40. fxe4 Rc2 41. Kd4 Rd2+ 42. Kxc4 Kf6 43. Rd5 Re2 44. Kd4 Rd2+ 45. Kc4 Ra2 46. Kd4 Ra3 47. Rf5+ Ke6 48. Rb5 f6 49. Rh5 Kf7 50. Rb5 Kg6 51. Rc5 Ra4+ 52. Ke3 Ra3+ 53. Kf4 Ra4 54. Rb5 Rc4 55. Ra5 Rb4 56. Rc5 Ra4 57. Rb5 Rc4 58. Ra5 Rc1 59. Rb5 Rf1+ 60. Ke3 Re1+ 61. Kf4 Rf1+ 62. Ke3 Kf7 63. Ra5 Ke6 64. Ra6+ Ke7 65. Ra7+ Kd6 66. Ra6+ Ke5 67. Ra5+ Kd6 68. Ra6+ Kc5 69. Ra5+ Kc4 70. Rd5 Re1+ 71. Kf4 Rf1+ 72. Ke3 Re1+ 73. Kf4 Rf1+ 74. Kg4 Rf2 75. Rf5 Rxf5 76. Kxf5 Kd4 77. Kxf6 Kxe4 1/2-1/2


[Site "https://www.chess.com"]

[Event "Titled Tuesday Blitz April 19 Early 2022"]
[White "Van den Dikkenberg, Erik"]
[Black "Lagunov, Evgenij"]
[WhiteFideId "1005880"]
[BlackFideId "4125363"]
[WhiteElo "2118"]
[BlackElo "2200"]
[Result "0-1"]
[Round "07"]
[TimeControl "180+1"]
[Date "2022.04.19"]
[WhiteClock "0:00:25"]
[BlackClock "0:00:37"]

1. e4 c5 2. Nc3 Nc6 3. f4 a6 4. g3 b5 5. Bg2 Bb7 6. Nh3 g6 7. O-O Bg7 8. d3 e6 9. Be3 Nd4 10. Rc1 Ne7 11. Qe1 O-O 12. Ng5 d6 13. Bxd4 cxd4 14. Ne2 Qb6 15. Qf2 Rac8 16. g4 h6 17. Nf3 Nc6 18. f5 exf5 19. gxf5 Ne5 20. Nxe5 Bxe5 21. f6 Qa5 22. Qh4 Kh7 23. Bh3 Rcd8 24. Ng3 Qd2 25. Rcd1 Qxc2 26. Nf5 Qxh2# 0-1


[Site "https://www.chess.com"]

[Event "Titled Tuesday Blitz April 19 Early 2022"]
[White "Vetokhin, Ilia"]
[Black "Baches Garcia, Guillermo"]
[WhiteFideId "24156078"]
[BlackFideId "2209764"]
[WhiteElo "1897"]
[BlackElo "2492"]
[Result "1/2-1/2"]
[Round "07"]
[TimeControl "180+1"]
[Date "2022.04.19"]
[WhiteClock "0:02:57"]
[BlackClock "0:02:51"]

1. d4 Nf6 2. c4 e6 3. g3 d5 4. Bg2 Be7 5. Nf3 O-O 6. O-O dxc4 7. Ne5 c5 8. dxc5 Qc7 9. Nxc4 Qxc5 10. b3 Rd8 1/2-1/2


[Site "https://www.chess.com"]

[Event "Titled Tuesday Blitz April 19 Early 2022"]
[White "Vidonyak, Roman"]
[Black "Zaksaite, Salomeja"]
[WhiteFideId "14100622"]
[BlackFideId "12801496"]
[WhiteElo "2437"]
[BlackElo "1953"]
[Result "1-0"]
[Round "07"]
[TimeControl "180+1"]
[Date "2022.04.19"]
[WhiteClock "0:00:15"]
[BlackClock "0:00:01"]

1. d4 Nf6 2. c4 g6 3. h4 c5 4. d5 Bg7 5. Nc3 d6 6. e4 e6 7. Be2 exd5 8. exd5 O-O 9. Nf3 Re8 10. Kf1 Bg4 11. Bf4 a6 12. a4 b6 13. Qd2 Ra7 14. Re1 Ne4 15. Nxe4 Rxe4 16. h5 Bxh5 17. Ng5 Bxe2+ 18. Rxe2 Rxe2 19. Qxe2 Re7 20. Qg4 h6 21. Nf3 Qd7 22. Qg3 b5 23. Bxd6 Re8 24. Bxb8 bxc4 25. Qd6 Qxa4 26. Kg1 Qa1+ 27. Kh2 Qxb2 28. Ba7 Qxf2 29. Bxc5 Qe2 30. Qxa6 c3 31. Qxe2 Rxe2 32. Rc1 Bf6 33. d6 c2 34. d7 g5 35. Bb6 g4 36. Ne1 Rd2 37. Rxc2 Rxd7 38. Re2 h5 39. Be3 Kg7 40. Nc2 Kg6 41. Bf4 h4 42. Ne3 g3+ 43. Kh3 Rd3 44. Re1 Rb3 45. Ng4 Bg7 46. Kxh4 f6 47. Rf1 f5 48. Ne3 Bf6+ 49. Kxg3 Bd4 50. Kf3 Ra3 51. Re1 Rb3 52. Re2 Ra3 53. g3 Rb3 54. Kg2 Ra3 55. Nc4 Rc3 56. Ne5+ Kf6 57. Nf3 1-0


[Site "https://www.chess.com"]

[Event "Titled Tuesday Blitz April 19 Early 2022"]
[White "Visakh N R"]
[Black "Salem, A.R. Saleh"]
[WhiteFideId "25012223"]
[BlackFideId "9301348"]
[WhiteElo "2448"]
[BlackElo "2657"]
[Result "0-1"]
[Round "07"]
[TimeControl "180+1"]
[Date "2022.04.19"]
[WhiteClock "0:01:00"]
[BlackClock "0:00:39"]

1. c4 g6 2. Nc3 Bg7 3. b3 f5 4. Bb2 e5 5. g3 Nf6 6. Bg2 O-O 7. e3 c6 8. Nge2 d5 9. d4 e4 10. O-O Be6 11. Rc1 Re8 12. Qc2 Bf7 13. Ba3 dxc4 14. Rfd1 cxb3 15. axb3 Na6 16. Qb2 Nc7 17. Na4 Nfd5 18. Nec3 Nxc3 19. Nxc3 Qd7 20. Bf1 Nd5 21. Nxd5 Bxd5 22. Bc4 Rac8 23. Rc2 h5 24. Rdc1 Red8 25. Rc3 Qf7 26. Qe2 Bf6 27. b4 a6 28. h4 Be7 29. Qa2 Bxc4 30. Rxc4 Qe6 31. Qb1 Kf7 32. Qb2 Rd5 33. Rc5 Bxc5 34. bxc5 Rd7 35. Bb4 Qd5 36. Bd2 Rg8 37. Kg2 g5 38. hxg5 Rxg5 39. Rh1 f4 40. Rh4 f3+ 41. Kh2 Rg4 42. Rh3 h4 43. Rxh4 Rxh4+ 0-1


[Site "https://www.chess.com"]